| TOP OF THE 1ST |
|
Burlington Bees batting - Pitching for Lake County Captains : LHP Oscar Moreno
|
|
Pitching: LHP Oscar Moreno
|
|
|
Batting: RHB Timoleon Tsikouna
|
0-0: Called Strike 0-1: Ball 1-1: Swinging Strike 1-2: Foul Ball, location: 2F 1-2: Ball 2-2: Strikes out swinging
|
|
Batting: LHB Dave Hicks
|
0-0: Ball 1-0: Called Strike 1-1: Called Strike 1-2: Ground out 4-3 (Groundball, 4, EV 90.0 MPH)
|
|
Batting: RHB Peter Westover
|
0-0: Called Strike 0-1: Ball 1-1: Called Strike 1-2: Ball 2-2: Ball 3-2: Ground out U3 (Groundball, 34S, EV 88.1 MPH)
|
| Top of the 1st over - 0 runs, 0 hits, 0 errors, 0 left on base; Burlington 0 - Lake County 0 |
| BOTTOM OF THE 1ST |
|
Lake County Captains batting - Pitching for Burlington Bees : RHP Tim Anderson
|
|
Pitching: RHP Tim Anderson
|
|
|
Batting: RHB Kenzo Shinoda
|
0-0: Ball 1-0: Foul Ball, location: 2F 1-1: Ball 2-1: Called Strike 2-2: Strikes out looking
|
|
Batting: RHB John Bianconi
|
0-0: Swinging Strike 0-1: Ball 1-1: Ball 2-1: Ball 3-1: Base on Balls
|
|
Batting: LHB Dave Key
|
0-0: Called Strike 0-1: Ball 1-1: Fielders Choice at 2nd, 5-4 (Groundball, 56, EV 90.0 MPH)
|
|
Batting: LHB Shane Montalvo
|
0-0: Ball Dave Key steals 2nd base 1-0: Ball 2-0: SINGLE (Line Drive, 9S, EV 98.1 MPH) Dave Key to third Runner from 3rd tries for Home, SAFE, throw by RF to home
|
|
Batting: RHB Andy Lewis
|
0-0: Ball 1-0: Ball 2-0: Swinging Strike 2-1: Ground out U3 (Groundball, 3S, EV 93.8 MPH)
|
| Bottom of the 1st over - 1 run, 1 hit, 0 errors, 1 left on base; Burlington 0 - Lake County 1 |
| TOP OF THE 2ND |
|
Burlington Bees batting - Pitching for Lake County Captains : LHP Oscar Moreno
|
|
Batting: RHB Jon Griffin
|
0-0: Swinging Strike 0-1: Fly out, F8 (Flyball, 8RM, EV 86.9 MPH)
|
|
Batting: RHB Josh Faulconer
|
0-0: Called Strike 0-1: DOUBLE (Flyball, 89D, EV 110.6 MPH)
|
|
Batting: RHB Dan Burkhart
|
0-0: Ball Josh Faulconer steals 3rd, throwing error, E2 Josh Faulconer scores 1-0: Called Strike 1-1: Fly out, F9 (Flyball, 9, EV 90.6 MPH)
|
|
Batting: LHB Mutsuo IIda
|
0-0: Called Strike 0-1: Ball 1-1: Called Strike 1-2: Ball 2-2: Strikes out looking
|
| Top of the 2nd over - 1 run, 1 hit, 1 error, 0 left on base; Burlington 1 - Lake County 1 |
| BOTTOM OF THE 2ND |
|
Lake County Captains batting - Pitching for Burlington Bees : RHP Tim Anderson
|
|
Batting: RHB Reynaldo Herrera
|
0-0: Ball 1-0: Ball 2-0: Foul Ball, location: 2F 2-1: Swinging Strike 2-2: Ball 3-2: SOLO HOME RUN (Flyball, 78XD, EV 111.9 MPH), Distance : 444 ft
|
|
Batting: RHB Bill Ortiz
|
0-0: Foul Ball, location: 2F 0-1: Ball 1-1: Ball 2-1: Fly out, F8 (Flyball, 8LD, EV 98.8 MPH)
|
|
Batting: RHB Anibal Casteles
|
0-0: Fly out, F9 (Flyball, 9, EV 81.2 MPH)
|
|
Batting: RHB Gashie Chimsima
|
0-0: Ball 1-0: Called Strike 1-1: Foul Ball, location: 2F 1-2: Ball 2-2: Strikes out looking
|
| Bottom of the 2nd over - 1 run, 1 hit, 0 errors, 0 left on base; Burlington 1 - Lake County 2 |
| TOP OF THE 3RD |
|
Burlington Bees batting - Pitching for Lake County Captains : LHP Oscar Moreno
|
|
Batting: RHB J.R. Roberts
|
0-0: Called Strike 0-1: Called Strike 0-2: Strikes out swinging
|
|
Batting: LHB Alberto Carrillo
|
0-0: Ball 1-0: Foul Ball, location: 2F 1-1: Foul Ball, location: 2F 1-2: Strikes out swinging
|
|
Batting: RHB Timoleon Tsikouna
|
0-0: Swinging Strike 0-1: Foul Ball, location: 2F 0-2: Foul Ball, location: 2F 0-2: Strikes out swinging
|
| Top of the 3rd over - 0 runs, 0 hits, 0 errors, 0 left on base; Burlington 1 - Lake County 2 |
| BOTTOM OF THE 3RD |
|
Lake County Captains batting - Pitching for Burlington Bees : RHP Tim Anderson
|
|
Batting: RHB Kenzo Shinoda
|
0-0: Foul Ball, location: 2F 0-1: Ground out 6-3 (Groundball, 6, EV 80.0 MPH)
|
|
Batting: RHB John Bianconi
|
0-0: SINGLE (Line Drive, 56D, EV 97.5 MPH)
|
|
Batting: LHB Dave Key
|
0-0: Called Strike 0-1: Ball 1-1: Swinging Strike 1-2: Ball 2-2: Foul Ball, location: 2F 2-2: Foul Ball, location: 2F 2-2: Foul Ball, location: 2F 2-2: Ball 3-2: Foul Ball, location: 2F 3-2: Base on Balls John Bianconi to second
|
|
Batting: LHB Shane Montalvo
|
0-0: DOUBLE (Flyball, 8RD, EV 104.4 MPH) John Bianconi scores Dave Key to third
|
|
Batting: RHB Andy Lewis
|
0-0: Fly out, F3 (Popup, 3, EV 76.9 MPH)
|
|
Batting: RHB Reynaldo Herrera
|
0-0: Ball 1-0: Ball 2-0: Called Strike 2-1: Called Strike 2-2: Ground out 5-3 (Groundball, 56, EV 86.2 MPH)
|
| Bottom of the 3rd over - 1 run, 2 hits, 0 errors, 2 left on base; Burlington 1 - Lake County 3 |
| TOP OF THE 4TH |
|
Burlington Bees batting - Pitching for Lake County Captains : LHP Oscar Moreno
|
|
Batting: LHB Dave Hicks
|
0-0: Ball 1-0: Ball 2-0: Foul Ball, location: 2F 2-1: Ground out 6-3 (Groundball, P, EV 95.0 MPH)
|
|
Batting: RHB Peter Westover
|
0-0: Foul Ball, location: 2F 0-1: Ball 1-1: Foul Ball, location: 2F 1-2: Ball 2-2: Strikes out swinging
|
|
Batting: RHB Jon Griffin
|
0-0: Ball 1-0: Foul Ball, location: 2F 1-1: Ball 2-1: Ball 3-1: Called Strike 3-2: Strikes out swinging
|
| Top of the 4th over - 0 runs, 0 hits, 0 errors, 0 left on base; Burlington 1 - Lake County 3 |
| BOTTOM OF THE 4TH |
|
Lake County Captains batting - Pitching for Burlington Bees : RHP Tim Anderson
|
|
Batting: RHB Bill Ortiz
|
0-0: Ground out 6-3 (Groundball, 6MD, EV 90.6 MPH)
|
|
Batting: RHB Anibal Casteles
|
0-0: Ball 1-0: Called Strike 1-1: Ball 2-1: Foul Ball, location: 2F 2-2: Ball 3-2: Strikes out swinging
|
|
Batting: RHB Gashie Chimsima
|
0-0: Swinging Strike 0-1: Called Strike 0-2: Strikes out swinging
|
| Bottom of the 4th over - 0 runs, 0 hits, 0 errors, 0 left on base; Burlington 1 - Lake County 3 |
| TOP OF THE 5TH |
|
Burlington Bees batting - Pitching for Lake County Captains : LHP Oscar Moreno
|
|
Batting: RHB Josh Faulconer
|
0-0: Ball 1-0: Ball 2-0: Foul Ball, location: 2F 2-1: Called Strike 2-2: Strikes out swinging
|
|
Batting: RHB Dan Burkhart
|
0-0: Ball 1-0: Called Strike 1-1: Ball 2-1: Ball 3-1: Fly out, F4 (Popup, 34, EV 59.4 MPH)
|
|
Batting: LHB Mutsuo IIda
|
0-0: Swinging Strike 0-1: Foul Ball, location: 2F 0-2: Ball 1-2: Strikes out swinging
|
| Top of the 5th over - 0 runs, 0 hits, 0 errors, 0 left on base; Burlington 1 - Lake County 3 |
| BOTTOM OF THE 5TH |
|
Lake County Captains batting - Pitching for Burlington Bees : RHP Tim Anderson
|
|
Batting: RHB Kenzo Shinoda
|
0-0: Ball 1-0: Swinging Strike 1-1: Ball 2-1: Called Strike 2-2: Foul Ball, location: 2F 2-2: Foul Ball, location: 2F 2-2: Ground out 6-3 (Groundball, 6M, EV 102.5 MPH)
|
|
Batting: RHB John Bianconi
|
0-0: Called Strike 0-1: Ground out 4-3 (Groundball, 4M, EV 86.9 MPH)
|
|
Batting: LHB Dave Key
|
0-0: DOUBLE (Line Drive, 5D, EV 102.5 MPH)
|
|
Batting: LHB Shane Montalvo
|
0-0: Reached on error, E3 (Groundball, 34, EV 104.4 MPH) Dave Key to third
|
|
Batting: RHB Andy Lewis
|
0-0: Called Strike 0-1: Ball 1-1: Fielders Choice at 2nd, 5-4 (Groundball, 56, EV 104.4 MPH)
|
| Bottom of the 5th over - 0 runs, 1 hit, 1 error, 2 left on base; Burlington 1 - Lake County 3 |
| TOP OF THE 6TH |
|
Burlington Bees batting - Pitching for Lake County Captains : LHP Oscar Moreno
|
|
Batting: RHB J.R. Roberts
|
0-0: Called Strike 0-1: Ball 1-1: Ball 2-1: Ball 3-1: Base on Balls
|
|
Batting: LHB Alberto Carrillo
|
0-0: Ball 1-0: Foul Ball, location: 2F 1-1: Ball 2-1: Ball 3-1: Called Strike 3-2: Strikes out swinging
|
|
Pitching: RHP Ian Nordquist
|
|
|
Batting: RHB Timoleon Tsikouna
|
Pickoff Throw to First - Out! 1-3 0-0: Ball 1-0: Swinging Strike 1-1: Ground out 6-3 (Groundball, 6, EV 81.2 MPH)
|
| Top of the 6th over - 0 runs, 0 hits, 0 errors, 0 left on base; Burlington 1 - Lake County 3 |
| BOTTOM OF THE 6TH |
|
Lake County Captains batting - Pitching for Burlington Bees : RHP Tim Anderson
|
|
Pitching: RHP Troy Ingram
|
|
|
Batting: RHB Reynaldo Herrera
|
0-0: Ball 1-0: Foul Ball, location: 2F 1-1: Swinging Strike 1-2: Ball 2-2: Ball 3-2: Foul Ball, location: 2F 3-2: SINGLE (Groundball, 6D, EV 103.8 MPH)
|
|
Batting: RHB Bill Ortiz
|
0-0: Called Strike 0-1: Foul Ball, location: 2F 0-2: SINGLE (Groundball, 6D, EV 98.1 MPH) Reynaldo Herrera to second
|
|
Batting: RHB Anibal Casteles
|
0-0: SINGLE (Flyball, 4D, EV 96.9 MPH) Reynaldo Herrera to third Bill Ortiz to second
|
|
Batting: RHB Gashie Chimsima
|
0-0: Ball 1-0: Swinging Strike 1-1: SINGLE (Groundball, 34, EV 108.1 MPH) Reynaldo Herrera scores Bill Ortiz to third Anibal Casteles to second
|
|
Batting: RHB Kenzo Shinoda
|
0-0: Called Strike 0-1: Called Strike 0-2: Ball 1-2: SINGLE (Line Drive, 34D, EV 100.0 MPH) Bill Ortiz scores Anibal Casteles to third Gashie Chimsima to second
|
|
Batting: RHB John Bianconi
|
0-0: Called Strike 0-1: Ball 1-1: Ball 2-1: SINGLE (Line Drive, 3D, EV 103.1 MPH) Anibal Casteles scores Gashie Chimsima to third Kenzo Shinoda to second
|
|
Pitching: LHP Paul Griffin
|
|
|
Batting: LHB Dave Key
|
0-0: Called Strike 0-1: Ball 1-1: Called Strike 1-2: Strikes out swinging
|
|
Batting: LHB Shane Montalvo
|
0-0: Called Strike 0-1: Swinging Strike 0-2: Hit by Pitch Gashie Chimsima scores Kenzo Shinoda to third John Bianconi to second
|
|
Batting: RHB Andy Lewis
|
0-0: Called Strike 0-1: Ball 1-1: Ball 2-1: Swinging Strike 2-2: Ball 3-2: GRAND SLAM HOME RUN (Flyball, 7LD, EV 95.6 MPH), Distance : 366 ft
|
|
Batting: RHB Reynaldo Herrera
|
0-0: Ball 1-0: Swinging Strike 1-1: Foul Ball, location: 2F 1-2: Foul Ball, location: 2F 1-2: Ball 2-2: Strikes out looking
|
|
Batting: RHB Bill Ortiz
|
0-0: Ball 1-0: Ball 2-0: Ball 3-0: Base on Balls
|
|
Batting: RHB Anibal Casteles
|
0-0: Called Strike 0-1: Ball 1-1: Ball 2-1: Ball 3-1: DOUBLE (Line Drive, 3D, EV 103.8 MPH) Bill Ortiz to third Runner from 3rd tries for Home, SAFE, throw by RF to home
|
|
Batting: RHB Gashie Chimsima
|
0-0: Ball 1-0: Swinging Strike 1-1: Foul Ball, location: 2F 1-2: Ball 2-2: Strikes out swinging
|
| Bottom of the 6th over - 9 runs, 8 hits, 0 errors, 1 left on base; Burlington 1 - Lake County 12 |
| TOP OF THE 7TH |
|
Burlington Bees batting - Pitching for Lake County Captains : RHP Ian Nordquist
|
|
Pinch Hitting: RHB Areda Obote
|
0-0: Ball 1-0: Foul Ball, location: 2F 1-1: Ball 2-1: Swinging Strike 2-2: Foul Ball, location: 2F 2-2: Foul Ball, location: 2F 2-2: Foul Ball, location: 2F 2-2: Fly out, F8 (Line Drive, 8LM, EV 91.2 MPH)
|
|
Pinch Hitting: SHB Winikeneke Keikemamake
|
0-0: Ball 1-0: Called Strike 1-1: Foul Ball, location: 2F 1-2: Foul Ball, location: 2F 1-2: Ball 2-2: Ball 3-2: Strikes out swinging
|
|
Pinch Hitting: RHB Malachi Ephron
|
0-0: Called Strike 0-1: Foul Ball, location: 2F 0-2: Strikes out swinging
|
| Top of the 7th over - 0 runs, 0 hits, 0 errors, 0 left on base; Burlington 1 - Lake County 12 |
| BOTTOM OF THE 7TH |
|
Lake County Captains batting - Pitching for Burlington Bees : LHP Paul Griffin
|
|
Now at 2B: Danny Guevara
|
|
|
Now at SS: Winikeneke Keikemamake
|
|
|
Now in CF: Areda Obote
|
|
|
Pinch Hitting: SHB Travis Burnett
|
0-0: Called Strike 0-1: Ball 1-1: Foul Ball, location: 2F 1-2: Ball 2-2: Foul Ball, location: 2F 2-2: DOUBLE (Line Drive, 89XD, EV 108.1 MPH)
|
|
Batting: RHB John Bianconi
|
0-0: Foul Ball, location: 2F 0-1: Ball 1-1: Called Strike 1-2: Fly out, F8 (Flyball, 8LD, EV 103.8 MPH)
|
|
Pinch Hitting: RHB David Schweitzer
|
0-0: Fly out, F8 (Flyball, 8RD, EV 81.9 MPH) Runner from 2nd tags up, SAFE at 3rd with throw by CF
|
|
Pinch Hitting: RHB Ricky Cordova
|
0-0: Ball 1-0: Ball 2-0: Foul Ball, location: 2F 2-1: Ground out 4-3 (Groundball, 4, EV 78.8 MPH)
|
| Bottom of the 7th over - 0 runs, 1 hit, 0 errors, 1 left on base; Burlington 1 - Lake County 12 |
| TOP OF THE 8TH |
|
Burlington Bees batting - Pitching for Lake County Captains : RHP Ian Nordquist
|
|
Now at 3B: David Schweitzer
|
|
|
Now in LF: Ricky Cordova
|
|
|
Now in CF: Andy Lewis
|
|
|
Now in RF: Travis Burnett
|
|
|
Batting: RHB Josh Faulconer
|
0-0: Ball 1-0: Foul Ball, location: 2F 1-1: Fly out, F9 (Flyball, 9D, EV 99.4 MPH)
|
|
Batting: RHB Dan Burkhart
|
0-0: Ball 1-0: Called Strike 1-1: Called Strike 1-2: SINGLE (Line Drive, 4D, EV 96.2 MPH)
|
|
Pinch Hitting: LHB Jamie Diebel
|
0-0: Grounds into double play, 3-6-3 (Groundball, 34, EV 103.8 MPH)
|
| Top of the 8th over - 0 runs, 1 hit, 0 errors, 0 left on base; Burlington 1 - Lake County 12 |
| BOTTOM OF THE 8TH |
|
Lake County Captains batting - Pitching for Burlington Bees : LHP Paul Griffin
|
|
Now in LF: Jamie Diebel
|
|
|
Batting: RHB Andy Lewis
|
0-0: Swinging Strike 0-1: Swinging Strike 0-2: Ball 1-2: Ball 2-2: Ball 3-2: Base on Balls
|
|
Pitching: RHP Adam Hefner
|
|
|
Batting: RHB Reynaldo Herrera
|
0-0: Called Strike 0-1: Ball 1-1: Called Strike 1-2: SINGLE (Line Drive, 4MD, EV 95.0 MPH) Andy Lewis to second
|
|
Batting: RHB Bill Ortiz
|
0-0: SINGLE (Line Drive, 6D, EV 99.4 MPH) Andy Lewis to third Reynaldo Herrera to second
|
|
Batting: RHB Anibal Casteles
|
0-0: Ball 1-0: Grounds into double play, 5-4-3 (Groundball, 56S, EV 84.4 MPH) Andy Lewis scores Reynaldo Herrera to third
|
|
Batting: RHB Gashie Chimsima
|
0-0: Ball 1-0: Called Strike 1-1: SINGLE (Groundball, 56D, EV 94.4 MPH) Reynaldo Herrera scores
|
|
Batting: SHB Travis Burnett
|
0-0: Ball 1-0: SINGLE (Groundball, 4MD, EV 107.5 MPH) (infield hit) Gashie Chimsima to second
|
|
Batting: RHB John Bianconi
|
0-0: Ball 1-0: Foul Ball, location: 2F 1-1: Called Strike 1-2: DOUBLE (Line Drive, 9LM, EV 98.1 MPH) Gashie Chimsima scores Travis Burnett to third Runner from 3rd tries for Home, SAFE, throw by RF to trailing runner, SAFE at third!
|
|
Batting: RHB David Schweitzer
|
0-0: Ball 1-0: DOUBLE (Flyball, 89XD, EV 100.0 MPH) John Bianconi scores
|
|
Pitching: RHP Jamie Snyder
|
|
|
Batting: RHB Ricky Cordova
|
0-0: Ball 1-0: Swinging Strike 1-1: Foul Ball, location: 2F 1-2: Foul Ball, location: 2F 1-2: Foul Ball, location: 2F 1-2: Ball 2-2: Reached on error, E5 (Groundball, 56, EV 87.5 MPH) David Schweitzer to third
|
|
Batting: RHB Andy Lewis
|
0-0: Ball 1-0: Ball 2-0: Foul Ball, location: 2F 2-1: Ground out U3 (Groundball, 34S, EV 85.6 MPH)
|
| Bottom of the 8th over - 5 runs, 6 hits, 1 error, 2 left on base; Burlington 1 - Lake County 17 |
| TOP OF THE 9TH |
|
Burlington Bees batting - Pitching for Lake County Captains : RHP Ian Nordquist
|
|
Batting: RHB J.R. Roberts
|
0-0: Called Strike 0-1: Fly out, F8 (Flyball, 8RD, EV 85.6 MPH)
|
|
Batting: LHB Alberto Carrillo
|
0-0: Ground out 3-1 (Groundball, 34, EV 108.1 MPH)
|
|
Batting: RHB Timoleon Tsikouna
|
0-0: Called Strike 0-1: Ball 1-1: SINGLE (Groundball, 6MD, EV 103.8 MPH)
|
|
Batting: RHB Areda Obote
|
0-0: Called Strike 0-1: Swinging Strike 0-2: Ball 1-2: Strikes out swinging
|
| Top of the 9th over - 0 runs, 1 hit, 0 errors, 1 left on base; Burlington 1 - Lake County 17 |
|